[Event "gameknot.com  marekt's mini-tournament (1.b4 thematic) XXIII"]
[Site "http://gameknot.com/chess.pl?bd=26199723"]
[Date "2017.09.26"]
[Round "-"]
[White "ilbepi"]
[Black "gluv51"]
[Result "1-0"]
[WhiteElo "2215"]
[BlackElo "2094"]
[TimeControl "259200+86400"]
[Mode "ICS"]
[Termination "normal"]

1. b4 d5 2. Bb2 Qd6 3. a3 Nd7 4. e3 e5 5. c4 dxc4 6. Bxc4 Qg6 7. Nf3 e4 
8. Nh4 Qg5 9. g3 Qe7 10. Nc3 Ne5 11. Be2 Nd3+ 12. Bxd3 exd3 13. O-O c6 
14. e4 Bh3 15. Re1 Qd7 16. Rc1 Ne7 17. Re3 b5 18. f4 a5 19. f5 Nc8 20. Qh5 axb4 
21. axb4 Bxb4 22. Nf3 Bc5 23. Nd1 Bxe3+ 24. Nxe3 O-O 25. f6 Nd6 26. Ng5 h6 
27. fxg7 f6 28. gxf8=Q+ Rxf8 29. Nxh3 Qe8 30. Qxh6 Nxe4 31. Nf4 Qf7 32. Rxc6 Ra8 
33. Bxf6 Nxf6 34. Rxf6 Qg7 35. Rg6 Ra7 36. Ne6 Qxg6 37. Qxg6+ Kh8 38. Nf5 Ra1+ 
39. Kg2 Rg1+ 40. Kxg1  1-0

[Event "gameknot.com  marekt's mini-tournament (1.b4 thematic) XXIII"]
[Site "http://gameknot.com/chess.pl?bd=26202167"]
[Date "2017.11.11"]
[Round "-"]
[White "objorn"]
[Black "andytop10"]
[Result "1-0"]
[WhiteElo "2440"]
[BlackElo "2020"]
[TimeControl "259200+86400"]
[Mode "ICS"]
[Termination "normal"]

1. b4 d5 2. Bb2 Qd6 3. a3 Nf6 4. Nf3 Nbd7 5. d4 Nb6 6. e3 g6 7. Bd3 Bg7 
8. Nbd2 a5 9. O-O O-O 10. c4 dxc4 11. Nxc4 Nxc4 12. Bxc4 axb4 13. axb4 Be6 
14. Qd3 Bxc4 15. Qxc4 Qd5 16. Qxc7 Rac8 17. Qa5 Rc2 18. Qxd5 Nxd5 19. Bc1 Rfc8 
20. Bd2 e6 21. Ra7 b5 22. Rb7 Bf8 23. Rxb5 Rb2 24. Ra1 g5 25. g4 h5 26. h3 hxg4 
27. hxg4 Be7 28. e4 Nc3 29. Rb7 Nxe4 30. Rxe7 Nxd2 31. Nxg5 Rxb4 32. Nxf7 Kf8 
33. Raa7 Ra8 34. Ng5 Rxa7 35. Rxa7 e5 36. Nh7+ Ke8 37. g5 Nf3+ 38. Kf1 e4 
39. Kg2 Rxd4 40. Kg3 Ne5 41. Nf6+ Kd8 42. Kf4 Ng6+ 43. Kf5 Ne7+ 44. Ke6 Ng6 
45. Nd5 Kc8 46. Ne7+ Nxe7 47. Kxe7 e3 48. fxe3 Rg4 49. Kf6 Rg3 50. g6 Rf3+ 
51. Ke7 Kb8 52. Ra6 Rxe3+ 53. Re6 Rg3 54. Kf7 Rf3+ 55. Rf6  1-0

[Event "gameknot.com  marekt's mini-tournament (1.b4 thematic) XXIII"]
[Site "http://gameknot.com/chess.pl?bd=26209197"]
[Date "2017.08.27"]
[Round "-"]
[White "marekt"]
[Black "gluv51"]
[Result "1-0"]
[WhiteElo "2192"]
[BlackElo "2086"]
[TimeControl "259200+86400"]
[Mode "ICS"]
[Termination "normal"]

1. b4 d5 2. Bb2 Qd6 3. a3 a5 4. b5 e5 5. e3 Nf6 6. d4 e4 7. c4 Be7 8. Nc3 dxc4 
9. Bxc4 Be6 10. Bxe6 Qxe6 11. Nh3 O-O 12. Nf4 Qf5 13. f3 exf3 14. Qxf3 Qc2 
15. Qe2 Qxe2+ 16. Kxe2 c6 17. e4 Nbd7 18. e5 Ng4 19. Kf3 Ngxe5+ 20. dxe5 Nxe5+ 
21. Ke2 Nc4 22. Bc1 Bf6 23. Rb1 Nd6 24. Rd1 Nf5 25. bxc6 bxc6 26. Rd3 Rfe8+ 
27. Kf3 Be5 28. Nce2 c5 29. Rb5 c4 30. Rd7 f6 31. Nd5 a4 32. Bf4 Nh4+ 
33. Kf2 Rab8 34. Rxb8 Rxb8 35. Bxe5 fxe5 36. Ne3 c3 37. Nxc3 Rb3 38. Ne4 Rxa3 
39. Ng5 Kf8 40. Nd5 Ra2+ 41. Kf1 Ra1+ 42. Ke2 Ra2+ 43. Kd3 Ra3+ 44. Kc4 Rc3+ 
45. Kxc3  1-0

[Event "gameknot.com  marekt's mini-tournament (1.b4 thematic) XXIII"]
[Site "http://gameknot.com/chess.pl?bd=26213557"]
[Date "2017.11.22"]
[Round "-"]
[White "gluv51"]
[Black "andytop10"]
[Result "1/2-1/2"]
[WhiteElo "2086"]
[BlackElo "2030"]
[TimeControl "259200+86400"]
[Mode "ICS"]
[Termination "normal"]

1. b4 d5 2. Bb2 Qd6 3. a3 e5 4. e3 Bf5 5. c4 dxc4 6. Qf3 Bc8 7. Bxc4 Nf6 
8. Nc3 Nc6 9. d3 Be6 10. Nh3 Bxc4 11. dxc4 Qd3 12. c5 Qc2 13. Qe2 Qxe2+ 
14. Kxe2 Be7 15. Rhd1 O-O 16. Nd5 Nxd5 17. Rxd5 Bf6 18. Rad1 Rfd8 19. e4 Nd4+ 
20. Bxd4 Rxd5 21. exd5 exd4 22. Kd3 Re8 23. Nf4 g6 24. Rd2 Bg5 25. g3 Re1 
26. Kxd4 Bxf4 27. gxf4 Kf8 28. h3 Ke7 29. Rd3 Rf1 30. Re3+ Kd7 31. Rf3 f5 
32. Kd3 Rd1+ 33. Kc4 Rd2 34. a4 Rc2+ 35. Kd4 b6 36. a5 b5 37. Ke5 Rb2 
38. c6+ Ke7 39. h4 Rxb4 40. Re3 Rc4 41. h5 Kf7 42. hxg6+ hxg6 43. f3 a6 
44. Rb3 Rc1 45. Re3 Rd1 46. Re2 Ke7 47. Rg2 Re1+ 48. Kd4 Kf6 49. Rc2 Rd1+ 
50. Kc5 Rd3 51. Rc1 Kf7 52. Rh1 Kg8 53. Rg1 Kf7 54. Rf1 Kf6 55. Rc1 Rd2 
56. Rc3 Rd1 57. Rc2 Rd3 58. Rc1 Kf7 59. Rf1 Kf6 60. Rc1 Rd2 61. Rc3 Rd1 
62. Rc2 Rd3 63. Rc1 Kf7 64. Rh1 Kg8 65. Rg1 Kf7  1/2-1/2

[Event "gameknot.com  marekt's mini-tournament (1.b4 thematic) XXIII"]
[Site "http://gameknot.com/chess.pl?bd=26263408"]
[Date "2017.09.23"]
[Round "-"]
[White "eric2800"]
[Black "andytop10"]
[Result "0-1"]
[WhiteElo "1885"]
[BlackElo "2051"]
[TimeControl "259200+86400"]
[Mode "ICS"]
[Termination "normal"]

1. b4 d5 2. Bb2 Qd6 3. a3 e5 4. e3 Bf5 5. Nf3 Nd7 6. Nh4 Bg6 7. Nxg6 hxg6 
8. Nc3 Ngf6 9. d3 c6 10. Qd2 g5 11. Be2 g6 12. Na4 g4 13. c4 e4 14. cxd5 Rxh2 
15. Rxh2 Qxh2 16. dxc6 bxc6 17. g3 Rd8 18. Bxf6 Nxf6 19. Qc3 Rd6 20. d4 Nd5 
21. Qb2 Qg1+ 22. Bf1 Rf6  0-1

[Event "gameknot.com  marekt's mini-tournament (1.b4 thematic) XXIII"]
[Site "http://gameknot.com/chess.pl?bd=26263780"]
[Date "2017.10.25"]
[Round "-"]
[White "andytop10"]
[Black "bolaf"]
[Result "1-0"]
[WhiteElo "2052"]
[BlackElo "2115"]
[TimeControl "259200+86400"]
[Mode "ICS"]
[Termination "normal"]

1. b4 d5 2. Bb2 Qd6 3. a3 e5 4. e4 dxe4 5. d3 c5 6. b5 Qg6 7. Nd2 Bg4 
8. Be2 Nf6 9. Bxg4 Nxg4 10. dxe4 c4 11. h3 Nf6 12. Ngf3 Qxg2 13. Rh2 Qg6 
14. Nxe5 Qg1+ 15. Nf1 Nbd7 16. Nxc4 Rc8 17. Qe2 Qg5 18. Rd1 Qh5 19. Qxh5 Nxh5 
20. Nfe3 Nc5 21. Nf5 Nxe4 22. Rd4 Ng5 23. Ncd6+ Bxd6 24. Nxd6+ Ke7 25. Nxc8+ Rxc8 
26. Kd1 Rc5 27. a4 Rf5 28. Ba3+ Ke8 29. Rc4 Nf4 30. Rc7 Rd5+ 31. Kc1 Rd7 
32. Rc8+ Rd8 33. Rxd8+ Kxd8 34. Bc5 Ngxh3 35. Bxa7 h5 36. Be3 g5 37. a5 h4 
38. a6  1-0

[Event "gameknot.com  marekt's mini-tournament (1.b4 thematic) XXIII"]
[Site "http://gameknot.com/chess.pl?bd=26273270"]
[Date "2017.09.22"]
[Round "-"]
[White "bolaf"]
[Black "objorn"]
[Result "0-1"]
[WhiteElo "2115"]
[BlackElo "2420"]
[TimeControl "259200+86400"]
[Mode "ICS"]
[Termination "normal"]

1. b4 d5 2. Bb2 Qd6 3. a3 a5 4. b5 e5 5. e3 Nf6 6. c4 Bg4 7. Nf3 Nbd7 
8. d4 e4 9. h3 Bh5 10. g4 Nxg4 11. hxg4 Bxg4 12. Be2 exf3 13. Bxf3 Bxf3 
14. Qxf3 c6 15. bxc6 bxc6 16. Nc3 Rb8 17. O-O-O Rxb2 18. Kxb2 Qxa3+ 19. Kc2 Bb4 
20. e4 dxc4 21. Rb1 O-O 22. Rh3 Rd8 23. Qe2 Nb6 24. Qh5 h6 25. Rf3 Kh7 
26. Qf5+ Kh8 27. Qxf7 Rf8 28. Qh5 Rf6 29. Qe8+ Kh7 30. Rg3 Rxf2+ 31. Kd1 g5 
32. Rxb4 Qxb4 33. Ke1 Rf6 34. e5 Qf8 35. Qxf8 Rxf8 36. Re3 a4 37. Ne4 Kg6 
38. Nc5 g4 39. e6 Nd5 40. Ra3 c3 41. Ke2 g3 42. e7 Re8 43. Nd3 Rxe7+  0-1

[Event "gameknot.com  marekt's mini-tournament (1.b4 thematic) XXIII"]
[Site "http://gameknot.com/chess.pl?bd=26350792"]
[Date "2017.10.11"]
[Round "-"]
[White "objorn"]
[Black "ilbepi"]
[Result "1-0"]
[WhiteElo "2396"]
[BlackElo "2220"]
[TimeControl "259200+86400"]
[Mode "ICS"]
[Termination "normal"]

1. b4 d5 2. Bb2 Qd6 3. a3 e5 4. e3 Nf6 5. c4 d4 6. Nf3 Bg4 7. h3 Bxf3 
8. Qxf3 Nc6 9. c5 Qe6 10. Bb5 Be7 11. O-O O-O 12. Bxc6 bxc6 13. exd4 e4 
14. Qg3 Rad8 15. Re1 Rd7 16. Bc3 Re8 17. d3 Qf5 18. Nd2 exd3 19. Qf3 Qxf3 
20. Nxf3 Nd5 21. Bd2 f6 22. Re6 g5 23. Rxc6 h5 24. Ra6 Bf8 25. Rxa7 g4 
26. Nh4 gxh3 27. gxh3 Ne7 28. Nf3 Nc6 29. Rb7 Ra8 30. a4 Nd8 31. Rb5 Kf7 
32. Ra3  1-0

[Event "gameknot.com  marekt's mini-tournament (1.b4 thematic) XXIII"]
[Site "http://gameknot.com/chess.pl?bd=26367230"]
[Date "2017.11.10"]
[Round "-"]
[White "bolaf"]
[Black "ilbepi"]
[Result "0-1"]
[WhiteElo "2161"]
[BlackElo "2219"]
[TimeControl "259200+86400"]
[Mode "ICS"]
[Termination "normal"]

1. b4 d5 2. Bb2 Qd6 3. Nc3 Nf6 4. a3 e5 5. e3 a6 6. d4 e4 7. Nge2 Nbd7 
8. Ng3 h5 9. Be2 Nb6 10. O-O h4 11. Nh5 Nxh5 12. Bxh5 h3 13. g3 Bd7 14. Be2 f5 
15. Qd2 Qc6 16. f3 Be7 17. fxe4 fxe4 18. b5 axb5 19. Bxb5 Qg6 20. a4 Bxb5 
21. axb5 Rxa1 22. Bxa1 Nc4 23. Qe1 Qh5 24. Ne2 Bg5 25. Nf4 Bxf4 26. exf4 e3 
27. Qd1 Nd2 28. Qxh5+ Rxh5 29. Rc1 Nf3+ 30. Kh1 e2 31. Bc3 Rh6 32. Be1 Rb6 
33. c3 Rxb5  0-1

[Event "gameknot.com  marekt's mini-tournament (1.b4 thematic) XXIII"]
[Site "http://gameknot.com/chess.pl?bd=26396274"]
[Date "2018.03.06"]
[Round "-"]
[White "ilbepi"]
[Black "andytop10"]
[Result "1-0"]
[WhiteElo "2219"]
[BlackElo "2060"]
[TimeControl "259200+86400"]
[Mode "ICS"]
[Termination "normal"]

1. b4 d5 2. Bb2 Qd6 3. a3 e5 4. e3 Nf6 5. Nf3 e4 6. Nd4 Nc6 7. c4 dxc4 
8. Bxc4 Be7 9. f3 Nxd4 10. Bxd4 exf3 11. Qxf3 a5 12. b5 c5 13. Bxf6 Qxf6 
14. O-O Qxf3 15. Rxf3 O-O 16. a4 Bg4 17. Rf4 Be6 18. Bxe6 fxe6 19. Rxf8+ Rxf8 
20. Na3 b6 21. Rf1 Rb8 22. Nc4 Bd8 23. Ne5 Rc8 24. Nc6 Bg5 25. Rf3 Rc7 
26. Kf2 Be7 27. g3 Bd6 28. e4 Rf7 29. e5 Bc7 30. g4 Rd7 31. Ke3 Bd8 32. d4 Bg5+ 
33. Ke4 c4 34. Rc3 Rf7 35. Rxc4 Rf4+ 36. Kd3 Rf3+ 37. Ke2 Rh3 38. Na7 Rxh2+ 
39. Kd3 Rh3+ 40. Kc2 Rh2+ 41. Kb3 Rh3+ 42. Rc3 Rh4 43. Rc8+ Kf7 44. Rc7+ Kg6 
45. Rc6 Rxg4 46. Rxe6+ Kf5 47. Rxb6 Be3 48. e6 Rxd4 49. e7 Re4 50. Rb7 Kf6 
51. Nc8 h5 52. b6 g5 53. Ra7 Re6 54. Rc7  1-0

[Event "gameknot.com  marekt's mini-tournament (1.b4 thematic) XXIII"]
[Site "http://gameknot.com/chess.pl?bd=26413793"]
[Date "2017.10.20"]
[Round "-"]
[White "gluv51"]
[Black "ilbepi"]
[Result "0-1"]
[WhiteElo "2076"]
[BlackElo "2225"]
[TimeControl "259200+86400"]
[Mode "ICS"]
[Termination "normal"]

1. b4 d5 2. Bb2 Qd6 3. a3 Nf6 4. Nf3 Nbd7 5. e3 a5 6. Nc3 c6 7. b5 e5 
8. Ne2 Be7 9. Ng3 g6 10. Rb1 O-O 11. bxc6 bxc6 12. Be2 e4 13. Nd4 Rb8 
14. O-O Nc5 15. Nb3 Nxb3 16. cxb3 h5 17. f3 exf3 18. Rxf3 h4 19. Nf1 Bf5 
20. d3 Nd7 21. Rf2 Rfe8 22. Rf4 h3 23. Ng3 Bg5 24. Rxf5 gxf5 25. Nxf5 Qg6 
26. g4 Bxe3+ 27. Nxe3 Rxe3 28. Bd4 Re6 29. Bf1 Ne5 30. Kh1 Rbe8 31. g5 c5 
32. Bxc5 Qf5 33. Bxh3 Qxh3 34. Qf1 Qh5 35. Qg2 Nxd3 36. Bf2 Re2 37. Kg1 Rxf2 
 0-1

[Event "gameknot.com  marekt's mini-tournament (1.b4 thematic) XXIII"]
[Site "http://gameknot.com/chess.pl?bd=26513053"]
[Date "2018.01.20"]
[Round "-"]
[White "marekt"]
[Black "andytop10"]
[Result "1-0"]
[WhiteElo "2209"]
[BlackElo "2077"]
[TimeControl "259200+86400"]
[Mode "ICS"]
[Termination "normal"]

1. b4 d5 2. Bb2 Qd6 3. a3 e5 4. Nf3 e4 5. Nd4 a5 6. b5 c5 7. bxc6 Nxc6 
8. e3 Nf6 9. Nb5 Qd8 10. Bxf6 gxf6 11. Nb1c3 Be6 12. Qh5 f5 13. g3 d4 
14. Nxd4 Nxd4 15. exd4 Qxd4 16. Bb5+ Kd8 17. O-O Rc8 18. Be2 h6 19. Rab1 Qd7 
20. Rb5 Bxa3 21. Rxa5 Be7 22. Rb1 Bf6 23. Ra7 Rb8 24. Bb5 Qc8 25. Ba4 Qc5 
26. Raxb7 Rxb7 27. Rxb7 e3 28. Qf3 exf2+ 29. Kf1 Bxc3 30. Qxc3 Qxc3 31. dxc3 Kc8 
32. Re7 Rd8 33. Re8 Rxe8 34. Bxe8 Kc7 35. Bb5 Kd6 36. Kxf2 Bd5 37. Ke3 Be4 
38. Bd3 Bd5 39. Kf4 Be6 40. Bxf5 Bd5 41. Kg4 Ke5 42. Bd3 Kf6 43. c4 Bc6 
44. c5 Be8 45. Ba6 Ba4 46. Kh5 Kg7 47. c4 Bc6 48. Bb5 Bf3+ 49. Kh4 Kf6 
50. c6 Ke7 51. c7 Bb7 52. c5 Ke6 53. Kh5 Ke5 54. Bd7 Kd5 55. Kxh6 Kxc5 
56. c8=Q+ Bxc8 57. Bxc8  1-0

[Event "gameknot.com  marekt's mini-tournament (1.b4 thematic) XXIII"]
[Site "http://gameknot.com/chess.pl?bd=26579582"]
[Date "2018.02.25"]
[Round "-"]
[White "andytop10"]
[Black "objorn"]
[Result "0-1"]
[WhiteElo "2091"]
[BlackElo "2386"]
[TimeControl "259200+86400"]
[Mode "ICS"]
[Termination "normal"]

1. b4 d5 2. Bb2 Qd6 3. a3 a5 4. Nf3 Nd7 5. Nc3 Ngf6 6. e3 c6 7. d4 axb4 
8. axb4 Rxa1 9. Qxa1 Qxb4 10. Bd3 e6 11. O-O Be7 12. Re1 O-O 13. e4 Nxe4 
14. Nxe4 dxe4 15. Rxe4 Nf6 16. Re1 b5 17. c3 Qd6 18. Qa7 Qd7 19. Qxd7 Bxd7 
20. Ne5 Rd8 21. Nxd7 Rxd7 22. Ra1 Nd5 23. Kf1 f5 24. Ra6 Rc7 25. g3 Bf6 
26. g4 Nf4 27. Bc2 fxg4 28. Be4 c5 29. dxc5 Kf7 30. c6 Nd5 31. Ba3 Be5 
32. Kg1 Rc8 33. Bb4 Bxc3 34. Bxd5 Bxb4 35. Ra7+ Kf6 36. Bg2 Be7 37. Rd7 b4 
38. Kf1 h5 39. Ke2 b3 40. Rb7 Bd6 41. Rxb3 Bxh2 42. Rd3 Be5 43. Ra3 Bf4 
44. Ra4 g5 45. Ra7 h4 46. Be4 Rd8 47. Ra2 h3 48. Ke1 Rd4 49. Bh1 g3 50. fxg3 Bxg3+ 
51. Ke2 g4 52. Ra8 Bf4 53. Rf8+ Kg5 54. Rh8 Rd2+ 55. Ke1 Rb2 56. Rg8+ Kh4 
57. Rh8+ Kg3 58. Be4 Rb3 59. Kd1 h2 60. c7 Bxc7 61. Ke2 Bf4 62. Bh1 Re3+ 
63. Kf1 Be5 64. Rd8 Rf3+ 65. Ke1 Bc3+  0-1

[Event "gameknot.com  marekt's mini-tournament (1.b4 thematic) XXIII"]
[Site "http://gameknot.com/chess.pl?bd=26615362"]
[Date "2018.04.23"]
[Round "-"]
[White "andytop10"]
[Black "gluv51"]
[Result "0-1"]
[WhiteElo "2093"]
[BlackElo "2033"]
[TimeControl "259200+86400"]
[Mode "ICS"]
[Termination "normal"]

1. b4 d5 2. Bb2 Qd6 3. a3 a5 4. Nf3 axb4 5. e3 Nd7 6. Be2 Ngf6 7. d4 e6 
8. c3 bxc3 9. Nxc3 Be7 10. O-O O-O 11. Qc2 Qb6 12. a4 h6 13. Ba3 Bxa3 
14. Rxa3 c5 15. Rc1 c4 16. e4 dxe4 17. Nxe4 Nxe4 18. Qxe4 Qb2 19. Rac3 Nf6 
20. Qc2 Qxc2 21. Rc3xc2 Rxa4 22. Rxc4 Rxc4 23. Bxc4 Bd7 24. Ne5 Rc8 25. Rb1 Ng4 
26. Nxd7 Rxc4 27. Ne5 Nxe5 28. dxe5 b5 29. g3 Rc5 30. f4 f6 31. exf6 gxf6 
32. Kf2 e5 33. Ke3 exf4+ 34. Kxf4 Re5 35. Rc1 Kf7 36. Rc7+ Re7 37. Rc3 Kg6 
38. Rb3 Re5 39. h3 Kf7 40. Rc3 b4 41. Rb3 Rb5 42. Ke4 Kg6 43. Kd4 h5 44. Kc4 Rb8 
45. Kc5 Ra8 46. Rxb4 Ra3 47. Rb8 Kg7 48. g4 hxg4 49. hxg4 Ra4 50. Kd5 Rxg4 
51. Ke6 Rg5 52. Kd6 Ra5 53. Rb1 Kf7 54. Re1 f5 55. Rf1 Kf6 56. Kc6 Ke6 
57. Rh1 f4 58. Rh3 Rf5 59. Rf3 Ke5 60. Kd7 Ke4 61. Ra3 f3 62. Ke6 Rb5 
63. Ra2 Ke3 64. Ra3+ Kf2 65. Kd7 Kg2 66. Ra8 f2 67. Rg8+ Kf3 68. Rf8+ Ke2 
69. Re8+ Kd3 70. Rf8 Ke3 71. Re8+ Kf4 72. Rf8+ Rf5 73. Rxf5+ Kxf5  0-1

[Event "gameknot.com  marekt's mini-tournament (1.b4 thematic) XXIII"]
[Site "http://gameknot.com/chess.pl?bd=27018125"]
[Date "2018.05.06"]
[Round "-"]
[White "andytop10"]
[Black "ilbepi"]
[Result "1/2-1/2"]
[WhiteElo "2146"]
[BlackElo "2251"]
[TimeControl "259200+86400"]
[Mode "ICS"]
[Termination "normal"]

1. b4 d5 2. Bb2 Qd6 3. a3 e5 4. e3 Nf6 5. c4 Bg4 6. Be2 Bxe2 7. Qxe2 Nc6 
8. cxd5 Qxd5 9. Nf3 e4 10. Nd4 Ne5 11. O-O Qc4 12. Rc1 Qxe2 13. Nxe2 Bd6 
14. Bxe5 Bxe5 15. Ra2 Bd6 16. Nbc3 O-O-O 17. Rac2 Be5 18. f3 exf3 19. gxf3 Rd3 
20. f4 Bxc3 21. Rxc3 Rxc3 22. Rxc3 Rd8 23. Nd4 Rd5 24. Rc2 a5 25. Kf2 g6 
26. Kf3 Rh5 27. Kg2 Kd8  1/2-1/2